 Dungeon Crawl Stone Soup version 0.24-a0-203-gf0bc1e94ae (webtiles) character file.

Game seed: 10518282831775691631

357 Hercules1031 the Shield-Bearer (level 6, -3/49 HPs)
             Began as a Formicid Fighter on Mar 27, 2019.
             Slain by an ogre
             ... wielding a +0 giant club
              (14 damage)
             ... on level 4 of the Dungeon.
             The game lasted 00:05:08 (2154 turns).

Hercules1031 the Shield-Bearer (Formicid Fighter)   Turns: 2154, Time: 00:05:09

Health: -3/49      AC: 14    Str: 22    XL:     6   Next: 96%
Magic:  6/6        EV:  9    Int:  8    God:
Gold:   107        SH: 10    Dex: 10    Spells: 5/5 levels left

rFire    . . .     SeeInvis +   o - +2 flail (protect)
rCold    . . .     Gourm    .   c - +0 shield
rNeg     . . .     Faith    .   b - +0 scale mail
rPois    .         Spirit   .   (helmet unavailable)
rElec    .         Reflect  .   (no cloak)
rCorr    .         Harm     .   (no gloves)
MR       .....                  (no boots)
Stlth    ..........             (no amulet)
HPRegen  0.16/turn              (no ring)
MPRegen  0.10/turn              (no ring)

@: protection aura
A: permanent stasis, dig shafts and tunnels, four strong arms, antennae 3
a: Dig, Shaft Self


You were on level 4 of the Dungeon.
You were not hungry.

You visited 1 branch of the dungeon, and saw 4 of its levels.

You collected 107 gold pieces.

Inventory:

Hand Weapons
 a - a +0 war axe
 o - a +2 flail of protection (weapon)
Armour
 b - a +0 scale mail (worn)
 c - a +0 shield (worn)
Jewellery
 g - an uncursed amulet of faith
Wands
 p - a wand of flame (18)
Scrolls
 h - a scroll of enchant armour {unknown}
 i - a scroll of identify
 k - a scroll of fear {unknown}
 m - a scroll of magic mapping {unknown}
 n - a scroll of amnesia {unknown}
 t - a scroll of teleportation {unknown}
Potions
 d - 2 potions of might
 e - a potion of cancellation {unknown}
 j - a potion of berserk rage {unknown}
 l - a potion of mutation {unknown}
 q - a potion of heal wounds {unknown}
 r - a potion of lignification {unknown}
 s - a potion of flight {unknown}
Comestibles
 f - 5 rations


   Skills:
 + Level 4.6 Fighting
 + Level 3.4 Axes
 + Level 4.5 Armour
 + Level 2.3 Dodging
 + Level 5.0 Shields


You had 5 spell levels left.
You didn't know any spells.
Your spell library was empty.

Dungeon Overview and Level Annotations

Branches:
Dungeon (4/15)
 Temple: D:4-7

Altars:
Dithmenos
Yredelemnul


Innate Abilities, Weirdness & Mutations

You cannot be hasted, slowed, berserked, paralysed or teleported.
You can dig through walls and to a lower floor.
Your four strong arms can wield two-handed weapons with a shield.
You have a pair of large antennae on your head. (SInv)


Message History

Your weapon exudes an aura of protection.
The ogre is lightly wounded.
The ogre closely misses you.
You closely miss the ogre.
The ogre is lightly wounded.
The ogre barely misses you.
You hit the ogre.
The ogre is moderately wounded.
The ogre hits you but does no damage.
You sock the ogre!
The ogre is heavily wounded.
You block the ogre's attack.
Your shield and scale mail prevent you from hitting the ogre.
The ogre is heavily wounded.
The ogre hits you with a +0 giant club!!
* * * LOW HITPOINT WARNING * * *
You hit the ogre.
The ogre is severely wounded.
The ogre hits you with a +0 giant club!
You die...

..####.... #...#....
#....... #......#
#......## #.......##
#...O....##
#...@.....##
#..........##
#...........# ###
#...........#######..
#............##..##..
#.................#..
#.................#..
##................#..
...(.......##..####


You could see an ogre.

Vanquished Creatures
  Grinder (D:4)
  A centaur zombie (D:3)
  2 worker ants (D:4)
  An adder (D:2)
  A shadow imp (D:3)
  An ooze (D:1)
  An adder zombie (D:4)
  A worm (D:3)
  A dart slug (D:4)
  2 leopard geckos
  3 orcs
  4 bats
  A giant cockroach (D:1)
  4 goblins
  3 hobgoblins (D:3)
  3 jackals (D:1)
  A kobold (D:1)
  2 quokkas (D:3)
  4 frilled lizards
  A quokka skeleton (D:4)
  5 rats
43 creatures vanquished.

Notes
Turn   | Place    | Note
-------+----------+-------------------------------------------
     0 | D:1      | Hercules1031 the Formicid Fighter began the quest for the
                  | Orb.
     0 | D:1      | Reached XP level 1. HP: 18/18 MP: 1/1
   192 | D:1      | Reached XP level 2. HP: 24/24 MP: 2/2
   625 | D:2      | Reached XP level 3. HP: 27/29 MP: 3/3
  1055 | D:3      | Reached skill level 4 in Shields
  1149 | D:3      | Reached skill level 1 in Dodging
  1178 | D:3      | Found a basalt altar of Yredelemnul.
  1178 | D:3      | Found a shadowy altar of Dithmenos.
  1197 | D:3      | Reached XP level 4. HP: 11/37 MP: 4/4
  1866 | D:4      | Reached XP level 5. HP: 8/42 MP: 5/5
  2025 | D:4      | Noticed Grinder
  2054 | D:4      | Killed Grinder
  2054 | D:4      | Reached XP level 6. HP: 25/49 MP: 6/6
  2115 | D:4      | Reached skill level 5 in Shields
  2143 | D:4      | Noticed an ogre
  2154 | D:4      | Slain by an ogre

Levels and vault maps discovered:
D:1:      roderic_crossed_star, layout_loops_ring, minmay_misc_feat_doors,
          item_on_display_a
D:2:      layout_loops_ring, first_ration
D:3:      layout_loops_corners, chequers_temple_overflow_statue_of_worship
D:4:      layout_cave_pods, minmay_temple_entry_junction,
          eino_small_chamber_without_monster, minmay_manual_maat, uniq_grinder,
          uniq_edmund

Skill      XL: |  1  2  3  4  5  6 |
---------------+-------------------+-----
Shields        | 4 5 |  5.0
Dodging        | 1 2 |  2.3
Fighting       | 4 |  4.6
Axes           | 3 |  3.4
Armour         | 4 |  4.5

Action                   |  1- 3 |  4- 6 || total
-------------------------+-------+-------++-------
Melee: War axe           |    77 |     1 ||    78
       Flail             |       |    67 ||    67
  Use: Potion            |       |     5 ||     5
       Scroll            |       |     1 ||     1
  Eat: Ration            |       |     1 ||     1
       Chunk             |       |     1 ||     1
Armor: Scale mail        |    25 |    34 ||    59
Dodge: Dodged            |    28 |    31 ||    59
Block: Shield            |    50 |    48 ||    98

Table legend:
 A = Non-vault XP
 B = Vault XP
 C = Vault XP percentage of total XP
 D = Non-vault monster count
 E = Vault monster count
 F = Vault count percentage of total count
                 A         B        C        D         E       F
            +---------+---------+-------+---------+---------+-------
      Total |     216 |     295 |  57.7 |      42 |       1 |   2.3
            +---------+---------+-------+---------+---------+-------
        D:1 |      23 |       0 |   0.0 |       9 |       0 |   0.0
        D:2 |      19 |       0 |   0.0 |       5 |       0 |   0.0
        D:3 |      93 |       0 |   0.0 |      20 |       0 |   0.0
        D:4 |      81 |     295 |  78.5 |       8 |       1 |  11.1
            +---------+---------+-------+---------+---------+-------
